AoeStats
← er47777459

Arabia

510432133Analyzed
1v1 RM · 2d ago on Oct 1, 2026· 60m 46s· 2 players
Game mode
Random Map
Map size
Tiny (2 player)
Population
200
Speed
Normal
Resources
Standard
Victory
Conquest
Starting age
Dark Age
Ending age
Imperial Age
RankedLock teamsTeams togetherTeam positionsShared explorationLock speedFull tech treeHidden civsTurbo modeCheats
Victory
Defeat
🇦🇷 Magyars · Argentina
1116
+16
🇨🇳 Chinese · China
1112
-16
arbiterws
0:36 Loom
10:00 Feudal Age
15:08 Double-Bit Axe
15:07 Horse Collar
20:47 Castle Age
19:00 Gold Mining
19:03 Stone Mining
23:20 Wheelbarrow
23:10 Bow Saw
23:02 Heavy Plow
24:32 Pikeman
24:49 Elite Skirmisher
28:02 Ballistics
29:12 Fletching
38:05 Imperial Age
36:13 Padded Archer Armor
36:08 Bodkin Arrow
36:58 Thumb Ring
37:19 Masonry
37:34 Town Watch
38:07 Squires
38:16 Elite Fire Lancer
39:29 Scale Mail Armor
39:39 Forging
41:20 Chemistry
41:28 Chain Mail Armor
41:52 Conscription
43:27 Leather Archer Armor
43:26 Bracer
42:56 Halberdier
44:06 Heavy Rocket Cart
45:05 Hand Cart
44:49 Crossbowman
45:54 Leather Archer Armor
46:48 Architecture
47:15 Plate Mail Armor
47:21 Iron Casting
47:17 Ring Archer Armor
47:36 Rocketry
46:47 Arbalester
51:30 Blast Furnace
60:17 Two-Man Saw
er47777459
7:42 Loom
10:05 Feudal Age
16:23 Double-Bit Axe
21:28 Castle Age
19:56 Fletching
20:06 Padded Archer Armor
19:53 Horse Collar
20:18 Gold Mining
21:26 Bloodlines
22:00 Scale Barding Armor
22:21 Padded Archer Armor
22:57 Bow Saw
25:30 Gold Shaft Mining
25:01 Heavy Plow
26:31 Bodkin Arrow
26:51 Leather Archer Armor
30:38 Thumb Ring
32:12 Leather Archer Armor
32:47 Wheelbarrow
32:47 Stone Mining
33:47 Hand Cart
33:18 Town Watch
36:01 Husbandry
35:21 Light Cavalry
40:10 Imperial Age
38:58 Corvinian Army
40:53 Ballistics
40:56 Recurve Bow
41:20 Conscription
42:13 Chemistry
41:16 Bracer
41:47 Ring Archer Armor
42:03 Parthian Tactics
41:43 Elite Magyar Huszar
43:16 Hussar
45:17 Chain Barding Armor
45:42 Crop Rotation
46:17 Town Patrol
46:24 Heavy Cavalry Archer
52:08 Plate Barding Armor
Connection lost

Rejoining the realm…

Still unreachable

The connection could not be restored.

Session expired

The server has moved on; the page needs a fresh start.